 Dungeon Crawl Stone Soup version 0.24.1-11-gbbbb2193e6 (webtiles) character file.

Game seed: 17998092023299258599, levelgen mode: deterministic

724 Gwenloh the Shooter (level 7, -1/52 HPs)
             Began as a Minotaur Arcane Marksman on May 10, 2020.
             Slain by a sky beast (6 damage)
             ... on level 4 of the Dungeon.
             The game lasted 00:21:10 (4785 turns).

Gwenloh the Shooter (Minotaur Arcane Marksman)      Turns: 4785, Time: 00:21:11

Health: -1/52      AC:  3    Str: 14    XL:     7   Next: 43%
Magic:  9/9        EV: 14    Int: 12    God:
Gold:   177        SH:  0    Dex: 15    Spells: 3/10 levels left

rFire    + . .     SeeInvis .   b - +1 dagger (venom)
rCold    . . .     Gourm    .   (no shield)
rNeg     . . .     Faith    .   D - +1 robe {rF+}
rPois    .         Spirit   .   (helmet restricted)
rElec    .         Reflect  .   (no cloak)
rCorr    .         Harm     .   (no gloves)
MR       .....                  (no boots)
Stlth    +.........             (no amulet)
HPRegen  0.17/turn              i - ring of wizardry
MPRegen  0.11/turn              c - +4 ring of dexterity

@: no status effects
A: retaliatory headbutt, horns 2
a: no special abilities


You were on level 4 of the Dungeon.
You were hungry.

You visited 2 branches of the dungeon, and saw 6 of its levels.

You collected 177 gold pieces.

Inventory:

Hand Weapons
 a - a +0 shortbow
 b - a +1 dagger of venom (weapon)
 p - a +0 whip
 v - a +2 spear of piercing
Missiles
 d - 8 arrows
 y - 3 boomerangs (quivered)
Armour
 D - a +1 robe of fire resistance (worn)
Jewellery
 c - a +4 ring of dexterity (right hand)
 i - a ring of wizardry (left hand)
Scrolls
 h - a scroll of fear
 j - 2 scrolls of remove curse
 n - a scroll of magic mapping
 o - 3 scrolls of amnesia
 t - 2 scrolls of teleportation
 u - a scroll of enchant armour
 w - 2 scrolls of fog
 x - 2 scrolls of noise
Potions
 e - a potion of brilliance {unknown}
 k - a potion of cancellation {unknown}
 l - 2 potions of haste {unknown}
 m - 3 potions of curing {unknown}
 z - a potion of lignification {unknown}
 A - a potion of ambrosia {unknown}
 B - a potion of berserk rage {unknown}
Comestibles
 f - 5 rations


   Skills:
 - Level 1.5 Fighting
 * Level 4.7 Maces & Flails
 * Level 4.9 Bows
 + Level 3.1 Armour
 + Level 3.6 Dodging
 + Level 2.0 Spellcasting
 * Level 2.8 Hexes


You had 3 spell levels left.
You knew the following spells:

 Your Spells              Type           Power        Failure   Level  Hunger
a - Corona                Hex            #......      3%          1    ##.....
b - Inner Flame           Hex/Fire       #.......     17%         3    ####...
c - Portal Projectile     Hex/Tloc       #.....       17%         3    ####...

Your spell library contained the following spells:

 Spells                   Type           Power        Failure   Level  Hunger
 Slow                     Hex            #.......     5%          2    ###....
 Cause Fear               Hex            #.........   32%         4    #####..
 Leda's Liquefaction      Hex/Erth       #.........   50%         4    #####..


Dungeon Overview and Level Annotations

Branches:
Dungeon (5/15)             Temple (1/1) D:4

Altars:
Ashenzari
Cheibriados
Dithmenos
Elyvilon
Fedhas
Gozag
Hepliaklqana
Kikubaaqudgha
Makhleb
Nemelex Xobeh
Okawaru
Qazlal
Sif Muna
Trog
Uskayaw
Vehumet
Wu Jian
Yredelemnul
The Shining One


Innate Abilities, Weirdness & Mutations

You reflexively headbutt those who attack you in melee.
You have a pair of horns on your head.


Message History

The quokka bites you.
You hit the sky beast.
The sky beast is poisoned.
You headbutt the sky beast!
The sky beast is heavily wounded.
The quokka barely misses you. The sky beast closely misses you.
The quokka barely misses you.
You hit the quokka.
You kill the quokka!
The sky beast hits you. The sky beast shocks you.
* * * LOW HITPOINT WARNING * * *
The sky beast hits you.
* * * LOW HITPOINT WARNING * * *
The sky beast shocks you.
* * * LOW HITPOINT WARNING * * *
You see here a quokka corpse.
The sky beast flickers out of sight!
Deactivating autopickup; reactivate with Ctrl-A.
Something hits you.
* * * LOW HITPOINT WARNING * * *
Something shocks you.
You die...

############
#>.........#
#{########.##
######@########..######
#......................
#.........)#####.######
#......###.#####..#
#......#..........##
#......#.#...####..#
#......#.#......#..##
#......#.#.#.##.#...###
########.....##.#......


There were no monsters in sight!

Vanquished Creatures
  An ice beast (D:4)
  2 ogres (D:4)
  A scorpion (D:4)
  A howler monkey (D:5)
  A bullfrog zombie (D:3)
  3 orc wizards
  An orc priest (D:4)
  Jessica (D:3)
  4 worker ants
  2 adders
  2 worms (D:4)
  A dart slug (D:1)
  3 leopard geckos
  10 orcs
  5 bats
  4 giant cockroaches
  8 goblins
  8 hobgoblins
  A jackal (D:1)
  4 quokkas
  A ball python (D:3)
  6 frilled lizards
  6 kobolds
  8 rats
84 creatures vanquished.

Vanquished Creatures (others)
  A worker ant (D:4)
  4 toadstools (D:1)
5 creatures vanquished.

Grand Total: 89 creatures vanquished

Notes
Turn   | Place    | Note
-------+----------+-------------------------------------------
     0 | D:1      | Gwenloh the Minotaur Arcane Marksman began the quest for
                  | the Orb.
     0 | D:1      | Reached XP level 1. HP: 16/16 MP: 1/1
   141 | D:1      | Reached XP level 2. HP: 23/23 MP: 2/2
   732 | D:2      | Reached skill level 1 in Armour
   775 | D:2      | Reached skill level 1 in Maces & Flails
   790 | D:2      | Found a white marble altar of Elyvilon.
   819 | D:2      | Reached XP level 3. HP: 28/28 MP: 3/3
  1116 | D:2      | Learned a level 3 spell: Inner Flame
  1479 | D:3      | Reached XP level 4. HP: 28/35 MP: 2/4
  1737 | D:3      | Noticed Jessica
  1741 | D:3      | Killed Jessica
  1741 | D:3      | Reached XP level 5. HP: 40/40 MP: 3/6
  2508 | D:3      | Found a shimmering blue altar of Sif Muna.
  2911 | D:4      | Found a staircase to the Ecumenical Temple.
  2920 | Temple   | Entered the Ecumenical Temple
  3064 | D:4      | Noticed an ice beast
  3080 | D:4      | Killed an ice beast
  3080 | D:4      | Reached XP level 6. HP: 9/47 MP: 7/7
  3588 | D:4      | Found a radiant altar of Vehumet.
  3947 | D:4      | HP: 2/47 [ogre/+0 giant club (27)]
  3950 | D:4      | Reached XP level 7. HP: 3/52 MP: 8/8
  4256 | D:4      | Learned a level 3 spell: Portal Projectile
  4346 | D:4      | Found a basalt altar of Yredelemnul.
  4732 | D:5      | Entered Level 5 of the Dungeon
  4776 | D:5      | Identified the +2 robe "Coungih" {rC+ rN+}
  4785 | D:4      | Slain by a sky beast

Levels and vault maps discovered:
D:1:      ldierk_walled_garden_2, layout_basic, hex_tiny, minmay_ruptured
D:2:      layout_loops_ring, elyvilon_altar_3
D:3:      layout_basic, lemuel_coloured_pillars_altar, first_ration,
          uniq_jessica
D:4:      layout_basic, fiery_altar_vehumet, kennysheep_mini,
          minmay_temple_entry_ruins
D:5:      layout_cave_pools
Temple:   eino_temple_rhombus

Skill      XL: |  1  2  3  4  5  6  7 |
---------------+----------------------+-----
Armour         | 1 2 3 |  3.1
Maces & Flails | 1 2 3 4 |  4.7
Bows           | 3 4 |  4.9
Dodging        | 3 |  3.6
Spellcasting   | 2 |  2.0
Fighting       | |  1.5
Hexes          | |  2.8

Action                   |  1- 3 |  4- 6 |  7- 9 || total
-------------------------+-------+-------+-------++-------
Melee: Club              |     6 |       |       ||     6
       Headbutt          |     8 |     6 |     5 ||    19
       Unarmed           |     2 |       |       ||     2
       Dagger            |    25 |    53 |    17 ||    95
 Fire: Shortbow          |    49 |   104 |    25 ||   178
Throw: Boomerang         |       |     3 |       ||     3
 Cast: Corona            |     1 |     7 |     4 ||    12
       Inner Flame       |       |     4 |     1 ||     5
  Use: Scroll            |       |       |     8 ||     8
  Eat: Chunk             |     2 |     8 |     2 ||    12
Armor: Leather armour    |     5 |    20 |     2 ||    27
       Robe              |       |       |     2 ||     2
Dodge: Dodged            |    30 |    47 |    12 ||    89
